[Event "TUR-ch U13-18 Open 2023"]
[Site "Antalya"]
[Date "2023.01.25"]
[Round "6"]
[White "Kutdemir, Mehmet"]
[Black "Uysal, Ugur"]
[Result "1-0"]
[ECO "E62"]
[WhiteElo "1369"]
[BlackElo "1760"]
[Annotator "NA RC COMBH"]
[PlyCount "61"]
[EventDate "2023.01.17"]
[EventType "swiss"]
[EventCountry "TUR"]
[SourceTitle "playchess.com"]
[Source "ChessBase"]
[SourceQuality "1"]
[TimeControl "5400+30"]

1. d4 Nf6 2. c4 g6 3. Nf3 Bg7 4. g3 O-O 5. Nc3 d6 6. Bg2 c6 7. O-O Qa5 8. Bd2 Qh5 9. Qb3 e5 10. dxe5 dxe5 11. Ng5 h6 12. Nge4 Nbd7 13. Rfd1 Nb6 14. Nxf6+ Bxf6 15. Ne4 Be7 16. Bb4 Bf5 17. Bxe7 Bxe4 18. Bxe4 Rfe8 19. Bf3 Qf5 20. c5 Nd5 21. Bxd5 cxd5 22. Bd6 b6 23. c6 d4 24. Rac1 h5 25. Qf3 Qe6 26. Ba3 e4 27. Qf4 e3 28. Qxd4 exf2+ 29. Qxf2 h4 30. c7 Qg4 31. Qf3 1-0

[Event "TUR-ch U13-18 Open 2023"]
[Site "Antalya"]
[Date "2023.01.25"]
[Round "6"]
[White "Kececi, Kaan"]
[Black "Alpaslan, Utku"]
[Result "0-1"]
[ECO "E11"]
[WhiteElo "1254"]
[BlackElo "1765"]
[Annotator "NA RC COMBH"]
[PlyCount "120"]
[EventDate "2023.01.17"]
[EventType "swiss"]
[EventCountry "TUR"]
[SourceTitle "playchess.com"]
[Source "ChessBase"]
[SourceQuality "1"]
[TimeControl "5400+30"]

1. d4 Nf6 2. c4 e6 3. Nf3 Bb4+ 4. Bd2 Qe7 5. g3 Bxd2+ 6. Nbxd2 d6 7. Bg2 O-O 8. O-O e5 9. e4 a5 10. d5 Nbd7 11. Ne1 Nc5 12. b3 Bg4 13. f3 Bd7 14. a3 b5 15. Qe2 bxc4 16. bxc4 Ba4 17. Nd3 Nxd3 18. Qxd3 Nd7 19. f4 Nc5 20. Qf3 exf4 21. gxf4 f5 22. Qc3 fxe4 23. Rae1 Qf6 24. Qxf6 Rxf6 25. Nxe4 Nxe4 26. Bxe4 Raf8 27. f5 Rb8 28. Rb1 Rb3 29. Rxb3 Bxb3 30. Bd3 Rh6 31. Rf4 Rh3 32. Rd4 Kf7 33. Kg2 Re3 34. Kf2 Re8 35. Rh4 h6 36. Rg4 Rb8 37. Ke3 Bd1 38. Rg1 Bh5 39. Rb1 Rxb1 40. Bxb1 Kf6 41. h3 Ke5 42. Kd3 Kxf5 43. Kd4+ Kf4 44. c5 Be2 45. Bg6 Bf1 46. h4 Be2 47. cxd6 cxd6 48. Kc3 Ke5 49. Kb3 Bb5 50. Bf7 g5 51. hxg5 hxg5 52. Be6 Kf4 53. Kc3 g4 54. Kd4 Bf1 55. Bxg4 Kxg4 56. Ke4 Kg5 57. Ke3 Kf5 58. Kd4 Kf4 59. Kc3 Ke4 60. Kb3 Bb5 0-1

[Event "TUR-ch U13-18 Open 2023"]
[Site "Antalya"]
[Date "2023.01.25"]
[Round "7"]
[White "Taspinar, Yanki"]
[Black "Tarhan, Adar"]
[Result "1/2-1/2"]
[ECO "C28"]
[WhiteElo "2275"]
[BlackElo "2321"]
[Annotator "TA"]
[PlyCount "41"]
[EventDate "2023.01.17"]
[EventType "swiss"]
[EventCountry "TUR"]
[SourceTitle "playchess.com"]
[Source "ChessBase"]
[SourceQuality "1"]
[TimeControl "5400+30"]

1. e4 e5 2. Nc3 Nc6 3. Bc4 Nf6 4. d3 Bb4 5. Nge2 d5 6. exd5 Nxd5 7. O-O Be6 8. Bxd5 Bxd5 9. f4 {[%emt 0:00:00] C28: Vienna Game: 2...Nf6 3 Bc4 Nc6.} O-O {[%emt 0:01:30] 9...f6 deserves study.} 10. Nxd5 Qxd5 11. f5 {[%emt 0:00:00] [#] The position is equal.} Nd4 $146 ({Predecessor:} 11... f6 12. Ng3 Rf7 13. Ne4 Bf8 14. Be3 Nd4 15. c3 Nc6 16. Qe2 Rd8 17. Rad1 Qxa2 {1-0 Petrov,N (2553)-Dragomarezkij,E (2297) RUS-ch Rapid 2022 (7)}) 12. Ng3 {[%emt 0:33:00] Strongly threatening c3.} Qc5 (12... Bc5 $14 13. Kh1 f6) 13. Rf2 {[%emt 0:00:30] Threatens to win with c3.} Be1 14. Qxe1 $18 Nxc2 15. Qc3 ({Not} 15. Ne4 Qb6 16. Qe2 Nxa1 $18) ({Better is} 15. Qd2 $18 Nxa1 16. f6) 15... Qxc3 $11 16. bxc3 Nxa1 17. Bb2 {[%emt 0:00:30] [#]} Rfd8 $1 {[%emt 0:00:00][%cal Od8d3] ...Rxd3! is the strong threat.} 18. Rd2 {[%emt 0:00:00] [#]} Nc2 $1 {[%emt 0:00:00][%mdl 64] Hoping for ...Ne3. Deflection} 19. Kf2 {[%emt 0:03:00][%cal Og3e4] [#] Wards off Ne3} Rd7 $1 20. Rxc2 (20. Ke2 Rad8) 20... Rxd3 21. Bc1 {[%emt 0:00:30] An interesting game.   Weighted Error Value: White=0.54/Black=0.65} 1/2-1/2

[Event "TUR-ch U13-18 Open 2023"]
[Site "Antalya"]
[Date "2023.01.25"]
[Round "7"]
[White "Demirtas, Alper"]
[Black "Deveci, Huseyin Said"]
[Result "1-0"]
[ECO "E05"]
[WhiteElo "1990"]
[BlackElo "1987"]
[Annotator "TA"]
[PlyCount "115"]
[EventDate "2023.01.17"]
[EventType "swiss"]
[EventCountry "TUR"]
[SourceTitle "playchess.com"]
[Source "ChessBase"]
[SourceQuality "1"]
[TimeControl "5400+30"]

1. c4 Nf6 2. Nf3 e6 3. g3 d5 4. d4 Be7 5. Bg2 O-O 6. O-O dxc4 7. Ne5 Nc6 8. Bxc6 bxc6 9. Nxc6 Qe8 10. Nxe7+ Qxe7 11. Qa4 e5 12. dxe5 Qxe5 13. Qxc4 Be6 {[%emt 0:00:00] E05: Open Catalan: 5 Nf3 Be7.} 14. Qc2 {[%emt 0:03:30] 14.Qc2 scores better than 14.Qd3.} Bf5 15. Qc4 Be6 {[%emt 0:00:00] The position is equal.} 16. Qd3 Rad8 17. Qe3 Qh5 18. f3 {[%emt 0:01:30] Dodges Ng4} Rfe8 19. Qf2 g5 (19... Bc4 $11 20. Nc3 Nd5) 20. Nc3 $16 (20. Qxa7 Bc4 21. Qc5 Bxe2 22. Qxg5+ Qxg5 23. Bxg5 Bxf1 $17) 20... Bh3 21. Re1 {[%emt 0:02:30] [#]} Qg6 $146 ({Predecessor:} 21... g4 22. Be3 a6 23. Rad1 Nd5 24. Bd4 c5 25. fxg4 Qg5 26. e4 Nxc3 27. Bxc3 Rxd1 28. Rxd1 Rd8 29. Rxd8+ Qxd8 30. Qe2 Qg5 31. Kf2 Qxg4 32. Qd2 h5 33. Qd8+ {1-0 Wojtkiewicz,A (2420)-Kalinin,O (2315) Rzeszow 19th 1988 (11)}) 22. Be3 g4 (22... Nd5 $16 23. Nxd5 (23. Bxa7 Nxc3 24. bxc3 Rd2 $16) 23... Rxd5 24. Bxa7 Rd2) 23. Rad1 Rxd1 24. Rxd1 ({Don't do} 24. Nxd1 Nd7 $16) 24... Qc2 25. Bd4 Nd5 26. e4 (26. Bxa7 Nxc3 27. Re1 Nxe2+ 28. Kh1 Nxg3+ 29. Qxg3 Rxe1+ 30. Bg1 Qe2 31. b4 Rxg1+ 32. Qxg1 Qxf3+) 26... Qxf2+ 27. Kxf2 Nxc3 28. Bxc3 gxf3 29. Kxf3 $18 {[%emt 0:00:00][%mdl 4096] Endgame KRB-KRB} f5 30. exf5 Bxf5 31. g4 Be6 32. a3 Kf7 33. Rd4 a6 34. h4 Rg8 35. Ra4 Rg6 36. g5 (36. Rxa6 $2 {perishes.} Bd5+ 37. Kg3 Rxa6 $19) 36... Bd5+ 37. Kf4 {[%emt 0:01:30] Black must now prevent Bf6.} Re6 38. Rd4 c6 (38... Bb3 $16 39. Bb4 (39. Rd7+ Re7 $16) 39... Ke8) 39. Kf5 Re2 {[%emt 0:01:39] [#]} 40. Ra4 $1 Be6+ 41. Kf4 Kg6 (41... Bc8 $16 42. Rb4 Rh2) 42. Rxa6 Bd5 43. Ra7 {[%emt 0:02:30] Hoping for Rg7+.} Re4+ 44. Kg3 Re2 45. Rg7+ {[%emt 0:00:30][%mdl 64] Deflection} Kf5 46. Rxh7 Rg2+ 47. Kh3 Rg1 (47... Rf2 $142 48. Rh6 Rf3+ 49. Kh2 Kg4) 48. Rh8 Kf4 $2 (48... Rh1+ 49. Kg3 Rg1+ 50. Kf2 Rg4) 49. Rf8+ {[%emt 0:00:30] White is clearly winning.} Ke3 50. a4 c5 {[%emt 0:00:08] [#]} 51. Bd2+ $1 Ke2 (51... Kd3 52. Rd8) 52. Bf4 Bf3 53. Re8+ Kf1 54. Bg3 Rh1+ 55. Bh2 Kf2 56. Rf8 {[%emt 0:00:30] Strongly threatening g6.} Ra1 57. g6 {[%emt 0:00:30][%cal Bg5g6,Bg6g7][%mdl 32] Threatening mate with g7.} Rxa4 58. g7 {[%emt 0:00:30] Weighted Error Value: White=0.08 (flawless) /Black=0.28 (precise)} 1-0

[Event "TUR-ch U13-18 Open 2023"]
[Site "Antalya"]
[Date "2023.01.25"]
[Round "7"]
[White "Sozat, Arda"]
[Black "Cicek, Bilal Emre"]
[Result "0-1"]
[ECO "B45"]
[WhiteElo "1877"]
[BlackElo "1538"]
[Annotator "NA RC COMBH"]
[PlyCount "146"]
[EventDate "2023.01.17"]
[EventType "swiss"]
[EventCountry "TUR"]
[SourceTitle "playchess.com"]
[Source "ChessBase"]
[SourceQuality "1"]
[TimeControl "5400+30"]

1. e4 c5 2. Nf3 e6 3. d4 cxd4 4. Nxd4 Nf6 5. Nc3 Nc6 6. Nxc6 bxc6 7. e5 Nd5 8. Ne4 Bb7 9. c4 Nb4 10. f4 c5 11. Bd3 Nxd3+ 12. Qxd3 Qc7 13. Be3 Qc6 14. Nd2 d5 15. exd6 Bxd6 16. O-O-O Rd8 17. Nf3 Bc7 18. Qc3 O-O 19. Ne5 Bxe5 20. Qxe5 Qa4 21. b3 Qxa2 22. Bxc5 Qxb3 23. Bxf8 Qxc4+ 24. Kb2 Rxf8 25. Rd4 Qc6 26. Rd2 Qb6+ 27. Ka1 Bd5 28. Rb2 Qa6+ 29. Kb1 Qd3+ 30. Ka1 Qa3+ 31. Kb1 a5 32. Rd1 Qa4 33. Rd4 Qc6 34. Rb8 Qc5 35. Rxf8+ Kxf8 36. Qb8+ Ke7 37. Qb2 Bxg2 38. Rd1 Be4+ 39. Ka1 Bd5 40. Rc1 Qd6 41. Re1 Qb4 42. Qxb4+ axb4 43. Kb2 Kf6 44. Rf1 Kf5 45. Kc2 f6 46. Kd3 g5 47. Ke3 g4 48. Rf2 h5 49. Rb2 b3 50. Rb1 h4 51. Rb2 g3 52. h3 g2 53. Rb1 Be4 54. Rg1 b2 55. Kf2 b1=Q 56. Rxb1 Bxb1 57. Kxg2 Kxf4 58. Kh2 e5 59. Kh1 e4 60. Kg1 e3 61. Kf1 Kf3 62. Ke1 Bc2 63. Kf1 e2+ 64. Ke1 Bf5 65. Kd2 Kf2 66. Kc3 e1=Q+ 67. Kd4 Qe5+ 68. Kc4 Ke3 69. Kb3 Kd3 70. Ka4 Qb8 71. Ka5 Bc8 72. Ka4 Kc4 73. Ka3 Qb3# 0-1

[Event "TUR-ch U13-18 Open 2023"]
[Site "Antalya"]
[Date "2023.01.25"]
[Round "7"]
[White "Dirikolu, Deniz"]
[Black "Tezcan, Alper"]
[Result "1/2-1/2"]
[ECO "C12"]
[WhiteElo "1868"]
[BlackElo "1568"]
[Annotator "NA COMBH"]
[PlyCount "53"]
[EventDate "2023.01.17"]
[EventType "swiss"]
[EventCountry "TUR"]
[SourceTitle "playchess.com"]
[Source "ChessBase"]
[SourceQuality "1"]
[TimeControl "5400+30"]

1. e4 e6 2. d4 d5 3. Nc3 Nf6 4. Bg5 Bb4 5. e5 h6 6. Be3 Ne4 7. a3 Bxc3+ 8. bxc3 c5 9. Bd3 Qa5 10. Ne2 cxd4 11. Bxd4 Nc5 12. O-O Nc6 13. f4 g6 14. Kh1 Bd7 15. Rb1 Nxd3 16. Qxd3 b6 17. g4 Rc8 18. Rf3 Qxa3 19. f5 g5 20. Rbf1 Kd8 21. fxe6 Bxe6 22. Rxf7 Bxf7 23. e6 Bxe6 24. Bxh8 Kd7 25. Bf6 Rf8 26. Qh7+ Kc8 27. Qxh6 1/2-1/2

[Event "TUR-ch U13-18 Open 2023"]
[Site "Antalya"]
[Date "2023.01.25"]
[Round "7"]
[White "Torun, Kagan"]
[Black "Celik, Ege Yigit"]
[Result "0-1"]
[ECO "B33"]
[WhiteElo "1442"]
[BlackElo "1891"]
[Annotator "NA RC COMBH"]
[PlyCount "102"]
[EventDate "2023.01.17"]
[EventType "swiss"]
[EventCountry "TUR"]
[SourceTitle "playchess.com"]
[Source "ChessBase"]
[SourceQuality "1"]
[TimeControl "5400+30"]

1. e4 c5 2. Nc3 Nc6 3. Nf3 Nf6 4. d4 cxd4 5. Nxd4 Qb6 6. Nb3 e6 7. Be3 Qc7 8. a3 a6 9. f4 d6 10. g4 Be7 11. a4 b6 12. Bg2 Bb7 13. Qe2 Rc8 14. O-O Nb4 15. g5 Nd7 16. Qf2 O-O 17. Nd4 Rfe8 18. h4 Bf8 19. Nf3 e5 20. Bh3 exf4 21. Nd4 Nc5 22. Qxf4 Rcd8 23. Bg2 g6 24. Rf2 Bg7 25. Raf1 Re7 26. Nd5 Nxd5 27. exd5 Rde8 28. Bc1 Ne4 29. Ne6 fxe6 30. Qxe4 Bxd5 31. Qg4 Bxg2 32. Kxg2 Qc6+ 33. Kg1 Qc5 34. c3 d5 35. h5 gxh5 36. Qxh5 d4 37. Qg4 dxc3 38. bxc3 Rf8 39. Kg2 Rxf2+ 40. Rxf2 Qxc3 41. Qe4 Qc8 42. g6 hxg6 43. Qf4 Qb7+ 44. Kh2 Qc7 45. Qxc7 Rxc7 46. Be3 b5 47. a5 b4 48. Bb6 Rc4 49. Rf1 b3 50. Rb1 b2 51. Be3 Ra4 0-1

[Event "TUR-ch U13-18 Open 2023"]
[Site "Antalya"]
[Date "2023.01.26"]
[Round "8"]
[White "Tarhan, Adar"]
[Black "Kazik, Oguz Kagan"]
[Result "1-0"]
[ECO "B45"]
[WhiteElo "2321"]
[BlackElo "2053"]
[Annotator "TA"]
[PlyCount "113"]
[EventDate "2023.01.17"]
[EventType "swiss"]
[EventCountry "TUR"]
[SourceTitle "playchess.com"]
[Source "ChessBase"]
[SourceQuality "1"]
[TimeControl "5400+30"]

1. e4 c5 2. Nf3 e6 3. d4 cxd4 4. Nxd4 Nf6 5. Nc3 Nc6 6. Ndb5 Bb4 7. a3 Bxc3+ 8. Nxc3 d5 9. exd5 exd5 10. Bd3 O-O 11. O-O {Active counter play!} Bg4 {[%cal Bc8g4,Bg4h5,Bh5g6,Bg6d3][%mdl 32] now scores much better than the old 11...d4. B45: Sicilian Four Knights.} 12. f3 Qb6+ 13. Kh1 Bh5 {White is slightly better.} 14. Bg5 Ne4 15. Nxe4 ({Don't play} 15. Nxd5 Nf2+ 16. Rxf2 (16. Kg1 $2 {leads to mate.} Nh3+ {[%mdl 64] Discovered Attack (Double check), Double Attack} 17. Kh1 Qg1+ {[%mdl 64] Deflection} 18. Rxg1 Nf2#) 16... Qxf2 $11) 15... dxe4 16. Bxe4 Qxb2 17. Qd6 Bg6 18. Rab1 {[%cal Ba1b1,Bb1b4,Bb4a4][%mdl 96] [#] Skewer} Qd4 $146 ({Predecessor:} 18... Qc3 19. Bd5 Rac8 20. Rxb7 Nd4 21. Qd7 Qxc2 22. Rg1 Qf2 23. Qe7 Nf5 24. Qb4 h6 {1-0 Sindarov,J (2587)-Jumabayev,R (2658) FIDE Grand Swiss 2021 (6)}) 19. Qxd4 Nxd4 20. Bxb7 (20. Be7 $5 Rfe8 21. Bxb7 $16 (21. Rxb7 Bxe4 22. fxe4 f6 $11)) 20... Rae8 {Repels Be7} 21. Rb4 Nxc2 22. Ra4 $36 {[%mdl 2048] Black is under pressure.} Bd3 23. Rc1 Re2 24. Rxa7 Rfe8 {( -> ...Re1+)} 25. h4 h6 26. Bf4 R8e7 (26... Ne1 $16) 27. Rd1 $1 $18 Re1+ 28. Rxe1 Rxe1+ 29. Kh2 Re2 30. Ra8+ (30. Bd5 $18) 30... Kh7 $16 {[#]} 31. Rd8 (31. Rf8 $1 $16) 31... Ne1 $14 32. Kh1 {Hoping for Bg3.} Nxg2 33. Bg3 Bg6 (33... Bf5 $1 $11) 34. a4 (34. Ba6 $16 Rb2 35. h5 Bxh5 36. Be5) 34... Ra2 35. Bd5 Rd2 {[%emt 0:00:30][%mdl 8192] [#] A mistake that costs the game.} (35... Re2 $14) 36. h5 $1 $18 Bf5 (36... Bc2 37. Be4+) 37. Rd6 Ne3 38. Bxf7 {[%emt 0:00:30][%mdl 64] Discovered Attack. This pair of bishops is nice.} Rxd6 39. Bxd6 {[%emt 0:00:30][%mdl 4096] Endgame aiming for Bc5. KBB-KBN} Bd7 40. a5 {[%emt 0:00:30] Black must now prevent Bc5.} Bb5 41. Kg1 Ba6 42. Kf2 Nc4 43. Bc7 Kh8 44. Kg3 Nd2 45. f4 {[%emt 0:01:30][%cal Bf3f4,Bf4f5][%mdl 32] Strongly threatening f5.} Bb7 46. f5 Ne4+ 47. Kf4 Nf6 48. Ke5 Kh7 49. Bd8 Ng4+ 50. Kd4 Nf2 51. Bh4 Nd1 52. Bb3 Bf3 53. a6 Bxh5 54. a7 Bf3 55. Bxd1 Ba8 56. Bc2 g5 57. fxg6+ {[%emt 0:00:00] Weighted Error Value: White=0.13 (very precise) /Black=0.57} 1-0

[Event "TUR-ch U13-18 Open 2023"]
[Site "Antalya"]
[Date "2023.01.26"]
[Round "8"]
[White "Ince, Taylan Ruzgar"]
[Black "Bektas, Cagan Erdem"]
[Result "1-0"]
[ECO "B31"]
[WhiteElo "2267"]
[BlackElo "1752"]
[Annotator "TA"]
[PlyCount "48"]
[EventDate "2023.01.17"]
[EventType "swiss"]
[EventCountry "TUR"]
[SourceTitle "playchess.com"]
[Source "ChessBase"]
[SourceQuality "1"]
[TimeControl "5400+30"]

1. e4 c5 2. Nf3 Nc6 3. Bb5 g6 4. Bxc6 dxc6 5. d3 Bg7 6. h3 e5 7. a4 {B31: Sicilian: 2...Nc6 3 Bb5 g6.} a5 8. Be3 b6 9. Na3 {White is slightly better.} Qc7 10. Nc4 Be6 11. Nfd2 Ne7 12. O-O Nc8 13. f4 exf4 14. Bxf4 {[#]} Qd7 $146 ({Predecessor:} 14... Qd8 15. Kh1 O-O 16. Qe1 f6 17. Nf3 Ra7 18. Qg3 Bxc4 19. dxc4 g5 20. Bb8 Rd7 {1-0 Chiu,I (2245)-Melikyan,G (2159) Philadelphia int op 15th 2022 (8)}) 15. e5 O-O 16. Ne4 Bxc4 17. dxc4 Qe6 (17... Qd4+ $1 $14 18. Qxd4 cxd4) 18. Qe2 $16 h6 (18... Bxe5 $2 19. Bxe5 f5 20. Ng5 $18) 19. Rae1 {White is more active.} Ne7 {[#]} 20. Nf6+ Kh8 21. Qd2 Qxc4 $2 {[%mdl 8192] A mistake that costs the game.} (21... Ng8 $16) 22. Re4 $18 ({Weaker is} 22. Bxh6 Qd4+ 23. Qxd4 cxd4 $18) 22... Qe6 23. Bxh6 Rfd8 24. Qg5 (24. Rh4 $142 Ng8 25. Bf4+ Nh6 26. Bxh6 (26. Rxh6+ Bxh6 27. Qf2 Bxf4 $11) 26... Rxd2 27. Bxd2+ Bh6 28. Rxh6+ Kg7 29. Rh7+ Kf8 30. Rh8+ {[%mdl 64] Skewer} Ke7 31. Rxa8) 24... Nf5 {Weighted Error Value: White=0.06 (flawless) /Black=0.69} 1-0

[Event "TUR-ch U13-18 Open 2023"]
[Site "Antalya"]
[Date "2023.01.26"]
[Round "8"]
[White "Gokcek, Kursat Bugra"]
[Black "Kandaz, Berat Efe"]
[Result "1-0"]
[ECO "C26"]
[WhiteElo "2116"]
[BlackElo "1650"]
[Annotator "TA"]
[PlyCount "46"]
[EventDate "2023.01.17"]
[EventType "swiss"]
[EventCountry "TUR"]
[SourceTitle "playchess.com"]
[Source "ChessBase"]
[SourceQuality "1"]
[TimeControl "5400+30"]

1. e4 e5 2. Nc3 Nf6 3. g3 d5 4. exd5 Nxd5 5. Bg2 Nxc3 6. bxc3 Bd6 7. Ne2 O-O 8. O-O c6 9. d3 Nd7 {The main line 9...Nd7 scores better than 9...Bg4.} 10. h3 {C26: Vienna Game: 2...Nf6, sidelines .} Nf6 11. a4 {[#]} h6 $146 ({Predecessor:} 11... Re8 12. c4 Qc7 13. Nc3 Bf5 14. Be3 e4 15. d4 Rad8 16. Qe2 Qa5 17. Nd1 h6 18. Bd2 {0-1 Urrutia Mule,O (1975)-Iruzubieta Villaluenga,J (2434) La Roda op 44th 2017 (1)}) 12. Rb1 {The position is equal.} Bc5 13. Be3 (13. d4 $11 Bd6 14. dxe5 Bxe5 15. Re1) 13... Bxe3 $15 14. fxe3 Qe7 15. c4 Be6 (15... e4 $15) 16. g4 Nh7 17. Qe1 f5 18. gxf5 Rxf5 19. Rxf5 Bxf5 20. Rb3 (20. Ng3 $11 Bc8 21. Ne4) 20... Rf8 21. Qf1 $2 (21. Ng3 $15) 21... Rf6 $2 (21... Ng5 $19 {is more deadly.} 22. Ng3 Bxh3) 22. Kh2 $2 {[%mdl 8192] [#]} (22. Qe1 $17) 22... Rg6 $4 23. Qf3 (23. Qxf5 $18 Nf8 24. Ng3) 23... Be6 {[%mdl 32768] Weighted Error Value: White=1.43/Black=1.09. Loss on time!?} (23... Bc8 $17 24. Rb1 Qh4) 1-0

[Event "TUR-ch U13-18 Open 2023"]
[Site "Antalya"]
[Date "2023.01.26"]
[Round "8"]
[White "Danaci, Ege"]
[Black "Ozbek, Osman Tuncay"]
[Result "1-0"]
[ECO "C45"]
[WhiteElo "2088"]
[BlackElo "1405"]
[Annotator "TA"]
[PlyCount "71"]
[EventDate "2023.01.17"]
[EventType "swiss"]
[EventCountry "TUR"]
[SourceTitle "playchess.com"]
[Source "ChessBase"]
[SourceQuality "1"]
[TimeControl "5400+30"]

1. e4 e5 2. Nf3 Nc6 3. d4 exd4 4. Nxd4 Qf6 5. Be3 Bc5 6. c3 Nge7 7. Nc2 Bb6 8. Bxb6 {[%emt 0:04:30] C45: Scotch Game.} axb6 9. Ne3 d6 10. Bc4 {[%emt 0:05:00] [#] The position is equal.} Ne5 $146 ({Predecessor:} 10... O-O 11. O-O Ne5 12. Be2 N5g6 13. Bg4 Bxg4 14. Qxg4 Nf4 15. Qf3 Qg5 16. Nd2 Nd3 17. b3 Ng6 18. Nd5 Qxd2 19. Rad1 Qxa2 20. Qxd3 {0-1 Gola,K (2207)-Sycz,D (2182) POL-chT 2nd League 2017 (6.4)}) 11. Be2 Bd7 (11... h5 $5) 12. c4 Bc6 13. Nc3 N7g6 14. Ncd5 Qd8 15. O-O O-O 16. f4 Bxd5 17. Nxd5 ({Reject} 17. Qxd5 Nc6 $11) 17... Nd7 18. Bg4 (18. Nc3 $16) 18... Nf6 $11 19. Bf5 Re8 20. Qd4 Nxd5 21. cxd5 Qf6 (21... c5 $11 22. Qd3 Nf8) 22. Qxf6 $14 gxf6 23. g3 {[%emt 0:00:30] Against Nh4} Ne7 24. Bh3 f5 {[%emt 0:03:30][%mdl 64] [#] Deflection} 25. exf5 Nxd5 26. Rfd1 $36 {[%emt 0:02:30][%mdl 2048] White has some pressure.} Nb4 (26... Nf6 $11) 27. a3 $16 Nc6 28. Kf2 (28. f6 $16) 28... Re7 {[%emt 0:07:30] [#]} (28... Kg7 $14) 29. f6 $1 $18 Re4 30. Bf5 (30. Rac1 $18) 30... Rc4 $16 31. Re1 Rc5 32. Bd3 {[%emt 0:01:30] White is more active.} (32. Be4 $16) 32... Nd4 $2 {[%emt 0:01:24] A mistake that costs the game.} ({Black should play} 32... Rh5 $1 $14) 33. Re7 $18 Ne6 34. Re1 {[%emt 0:00:30] And now R1xe6 would win.} Rh5 $2 (34... Rf8 35. h4 h6) 35. f5 Nf8 36. Kg2 {[%emt 0:02:30] Weighted Error Value: White=0.17 (very precise) /Black=0.35} ({Less strong is} 36. Rxc7 Rxh2+ 37. Kg1 Rh6 $18) 1-0

[Event "TUR-ch U13-18 Open 2023"]
[Site "Antalya"]
[Date "2023.01.26"]
[Round "8"]
[White "Engin, Onur Cinar"]
[Black "Caliskan, Seha"]
[Result "1-0"]
[ECO "C02"]
[WhiteElo "1990"]
[BlackElo "1954"]
[Annotator "TA"]
[PlyCount "87"]
[EventDate "2023.01.17"]
[EventType "swiss"]
[EventCountry "TUR"]
[SourceTitle "playchess.com"]
[Source "ChessBase"]
[SourceQuality "1"]
[TimeControl "5400+30"]

1. e4 {Hecht,Hans Joachim} e6 2. d4 d5 3. e5 c5 4. c3 Nc6 5. Nf3 Qb6 6. Be2 Bd7 7. O-O cxd4 8. cxd4 Nge7 9. Nc3 {9.Na3 gains popularity.} Nf5 10. Na4 Qa5 11. Bd2 {C02: French: Advance Variation.} Qd8 12. Bf4 h6 13. g4 {White is slightly better.} Nh4 14. Nxh4 Qxh4 15. Rc1 {[#]} Qd8 $146 ({Predecessor:} 15... Rc8 16. Be3 Qd8 17. Nc5 Bxc5 18. Rxc5 h5 19. gxh5 Qh4 20. Kh1 Ne7 21. Rxc8+ Bxc8 22. Rg1 Nf5 {1-0 Ekstroem,R (2435)-Olafsson,H (2470) Katrineholm 1995}) 16. Nc5 Qb6 17. Qd2 Rc8 18. Be3 Bxc5 19. Rxc5 Ne7 20. b4 a6 {[#]} 21. b5 axb5 22. Rxc8+ Nxc8 23. Qb4 f6 (23... Qd8 $11 {remains equal.}) 24. Rb1 $16 Kf7 25. a4 {White has more active pieces.} ({Don't play} 25. Bxb5 Bxb5 26. Qxb5 Qxb5 27. Rxb5 b6 $11) 25... Ne7 26. exf6 gxf6 27. h4 (27. axb5 $16 {With the idea Rc1.} Rg8 28. Kh1 (28. Bxh6 Nf5 $16)) 27... h5 {[%mdl 64] Deflection} 28. gxh5 ({Better is} 28. g5 $14) 28... Nf5 $11 {[%cal Of5e3] ...Nxe3! would be deadly.} 29. h6 {Hoping for Bh5+.} Qd6 (29... Qd8 $1 $11 {keeps the balance.}) 30. Qxd6 $16 Nxd6 31. axb5 Nf5 32. Rc1 {[%emt 1:28:59] aiming for Rc7.} Nxe3 (32... Rc8 $14) 33. fxe3 $14 {[%emt 0:00:30][%mdl 4096] Endgame Rc7 is the strong threat. KRB-KRB} Kg6 $2 {[%emt 0:00:30][%mdl 8192] Loses the game.} (33... Rc8 $16 {is a better chance.} 34. Rxc8 Bxc8) 34. Rc7 $1 $18 Bc8 {[%emt 0:00:30] [#]} 35. h7 e5 (35... b6 36. Bd3+) 36. b6 Kh6 37. Kf2 Rd8 38. Rf7 Kg6 {[%emt 0:00:30] [#]} 39. Re7 exd4 40. exd4 f5 41. Bb5 {[%emt 0:01:55] White wants to mate with Be8+.} Rh8 42. Bd7 {[%emt 0:00:16] Intending Bxc8 and mate.} Bxd7 43. Rxd7 Rxh7 {[%emt 0:00:18] [#]} 44. Kf3 $4 {[%emt 0:00:00][%mdl 40960] Weighted Error Value: White=0.24 (precise) /Black=0.53. Sensor Board Error (Ke4/e5)?} 1-0

[Event "TUR-ch U13-18 Open 2023"]
[Site "Antalya"]
[Date "2023.01.26"]
[Round "8"]
[White "Hatirli, Ugur Can"]
[Black "Kavri, Yusuf Eren"]
[Result "1/2-1/2"]
[ECO "E05"]
[WhiteElo "1989"]
[BlackElo "2050"]
[Annotator "TA"]
[PlyCount "127"]
[EventDate "2023.01.17"]
[EventType "swiss"]
[EventCountry "TUR"]
[SourceTitle "playchess.com"]
[Source "ChessBase"]
[SourceQuality "1"]
[TimeControl "5400+30"]

1. Nf3 Nf6 2. c4 e6 3. g3 d5 4. Bg2 Be7 5. O-O O-O 6. d4 dxc4 7. Qc2 a6 8. a4 Bd7 9. Ne5 Bc6 10. Nxc6 Nxc6 11. e3 Na5 12. Nd2 c5 13. dxc5 {E05: Open Catalan: 5 Nf3 Be7.} Bxc5 (13... Rc8 $11) 14. Nxc4 $14 Nxc4 15. Qxc4 {White is slightly better.} Qe7 {[#]} 16. Qb3 $146 ({Predecessor:} 16. Bd2 Rac8 17. Qb3 b6 18. a5 Rb8 19. axb6 Rxb6 20. Qc4 Rxb2 21. Bc3 Rbb8 22. Rxa6 {½-½ Kalogeris,I (2351)-Huzman,A (2571) EU-Cup 34th Porto Carras 2018 (6.4)}) 16... Rab8 17. Bd2 b6 18. Bc3 a5 19. Rac1 Rfd8 20. Qb5 Rbc8 21. Qa6 Rc7 22. Be5 {This pair of bishops is nice.} Rcd7 23. Qc4 Nd5 24. Rfe1 Nb4 {[#] ...Nd3 is the strong threat.} 25. Be4 ({Wrong is} 25. Qg4 $2 f5 26. Qc4 Nd3 $19) 25... Qg5 26. Bc3 Nd5 27. h4 Qh5 28. Bxd5 Rxd5 29. Qe2 Qg6 30. Qf3 f6 31. Kg2 Qe8 32. Qg4 h5 33. Qe4 Kf7 34. Qf3 Kg8 35. Qe4 R8d6 36. Rf1 Qf7 37. Rc2 Qd7 38. Rcc1 Qe8 39. Ra1 Qd7 40. Kg1 Qc6 41. Qf3 Qe8 42. Qe4 Qf7 43. Qf4 Qg6 44. Kh2 Rf5 45. Qc4 Rf3 {[%emt 0:00:31][%cal Oc5e3] [#] aiming for ...Bxe3!} 46. Kg2 Rf5 47. Qe2 Rfd5 48. Qf3 Kh7 49. Rac1 Rf5 50. Qe2 Rfd5 51. Qf3 Qe8 52. Qe4+ f5 53. Qf4 g6 54. Qf3 (54. Rfe1 $11 {remains equal.}) 54... Qxa4 $17 55. Rfe1 Qe4 ({Black should try} 55... e5 $17 56. Kh2 e4) 56. Qxe4 $11 {[%emt 0:01:15] The position is equal.} fxe4 57. Ra1 Bb4 58. Bxb4 axb4 {[%emt 0:00:30][%mdl 4096] Endgame KRR-KRR} 59. Ra4 Rb5 60. Rc1 Rc5 {[%emt 0:00:08] Inhibits Rc4.} 61. Rb1 Rb5 62. Rc1 Rc5 {[%emt 0:00:00] Wards off Rc4} 63. Rf1 Rb5 64. Rc1 {[%emt 0:00:00] Weighted Error Value: White=0.06 (flawless) /Black=0.07 (flawless)} 1/2-1/2